Map: Crimson Court LE

Players

Frogcute - Winner!

  • Race: Zerg Zerg
  • League: Diamond
  • Spawn Location: 7:00

A.I. 1 (Very Easy)

  • Race: Protoss Protoss
  • Spawn Location: 1:00

VOD

Have the link to the VOD?

Description

Time

  • Played on: Oct. 4, 2024, 10:36 a.m.
  • Length: 5:52
Show
View Real Time Build Order
Export as new Build Order

Frogcute Zerg - Winner!

Build Orders: Hatch First 

Get SALT Encoding   

  12  0:00  Drone  
  13  0:12  Overlord  
  13  0:16  Drone  
  14  0:31  Drone x2  
  16  0:48  Hatchery  
  15  0:51  Drone  
  16  1:08  Spawning Pool  
  16  1:10  Drone  
  16  1:13  Extractor  
  16  1:15  Drone  
  16  1:19  Drone  
  16  1:22  Drone  
  18  1:31  Drone  
  19  1:42  Drone  
  20  1:55  Queen  
  20  1:57  Overlord  
  20  2:00  Queen  
  24  2:04  Zergling x2  
  24  2:05  Zergling x2  
  26  2:11  Drone  
  27  2:17  Metabolic Boost  
  27  2:19  Drone  
  27  2:22  Drone  
  29  2:26  Drone  
  30  2:32  Drone  
  30  2:35  Drone  
  32  2:46  Hatchery  
  32  2:50  Drone x2  
  33  2:59  Queen  
  33  3:00  Overlord  
  33  3:03  Drone  
  36  3:17  Overlord  
  37  3:20  Drone x2  
  37  3:21  Drone x4  
  37  3:22  Drone  
  43  3:27  Drone  
  44  3:44  Extractor  
  44  3:45  Drone x2  
  44  3:46  Drone, Baneling Nest  
  44  3:47  Drone  
  44  3:48  Drone  
  47  3:51  Lair  
  47  4:03  Zergling x10  
  47  4:04  Zergling x2  
  53  4:13  Zergling x10  
  53  4:14  Overlord x2  
  58  4:20  Overlord  
  58  4:32  Zergling x4, Queen  
  58  4:34  Overlord x2  
  58  4:35  Zergling x2  
  63  4:43  Zergling x6  
  66  4:46  Zergling x2  
  66  4:47  Zergling x6  
  66  4:49  Overlord x2  
  66  4:50  Zergling x4  
  66  4:52  Zergling x2  
  73  4:59  Zergling x2  
  74  5:02  Zergling x6  
  77  5:10  Zergling x4  
  79  5:14  Zergling x4  
  79  5:20  Zergling x2  
  79  5:21  Zergling x14  
  88  5:23  Zergling x4  
  90  5:30  Zergling x2  
  90  5:34  Zergling x2  
Show
View Real Time Build Order
Export as new Build Order

A.I. 1 (Very Easy) Protoss 

Build Orders:  

Get SALT Encoding   

  12  0:00  Probe  
  13  0:13  Probe  
  14  0:19  Pylon  
  14  0:36  Assimilator  
  14  0:42  Gateway  
  14  0:45  Pylon  
  14  1:14  Assimilator  
  14  1:24  Probe  
  14  1:30  Zealot  
  14  1:32  Probe  
  17  1:34  Cybernetics Core  
  18  1:40  Probe  
  19  1:50  Probe  
  20  2:00  Probe  
  20  2:08  Probe  
  21  2:10  Warp Gate  
  22  2:44  Stalker  
  24  4:12  Probe  
  24  5:05  Probe  
  24  5:13  Probe  
  24  5:21  Probe  
  24  5:22  Pylon  
  20  5:31  Probe  
Tags
 
League
Diamond
Matchup
PvZ
Spawn Locations
Cross Positions
Add a new tag
Caveats
  • Supply blocks, unpowered buildings, or Contaminate may cause inaccurate times.
  • Supply counts are checked every 10 seconds.